 Dungeon Crawl Stone Soup version 0.23.2-1-ga50397a6bc (webtiles) character file.

Game seed: 18015323019704765176

77 Foic the Sneak (level 4, -4/23 HPs)
             Began as a Vine Stalker Assassin on May 21, 2019.
             Killed by nerve-wracking pain
             ... invoked by an orc priest
              (10 damage)
             ... on level 2 of the Dungeon.
             The game lasted 00:06:21 (1762 turns).

Foic the Sneak (Vine Stalker Assassin)              Turns: 1762, Time: 00:06:22

Health: -4/23      AC:  3    Str: 14    XL:     4   Next: 34%
Magic:  0/5        EV: 12    Int: 11    God:
Gold:   128        SH:  0    Dex: 16    Spells: 3/3 levels left

rFire    + . .     SeeInvis .   a - +3 dagger (freeze)
rCold    . . .     Gourm    .   (no shield)
rNeg     . . .     Faith    .   c - +0 robe
rPois    .         Spirit   +   (no helmet)
rElec    .         Reflect  .   d - +0 cloak
rCorr    .         Harm     .   (no gloves)
MR       .....                  (no boots)
Stlth    +++.......             (no amulet)
HPRegen  0.47/turn              o - ring of protection from fire
MPRegen  0.09/turn              (no ring)

@: no status effects
A: fangs 2, regeneration 1, magic shield, antimagic bite, no potion heal 3, rot
immunity
a: no special abilities


You were on level 2 of the Dungeon.
You were not hungry.

You visited 1 branch of the dungeon, and saw 2 of its levels.

You collected 128 gold pieces.

Inventory:

Hand Weapons
 a - a +3 dagger of freezing (weapon)
 b - a +0 blowgun
 j - a +0 hunting sling
Missiles
 e - 8 poisoned needles
 f - 2 curare-tipped needles
 k - 63 stones (quivered)
 q - 5 javelins
Armour
 c - a +0 robe (worn)
 d - a +0 cloak (worn)
 n - a +0 leather armour
Jewellery
 o - a ring of protection from fire (left hand)
Scrolls
 h - a scroll of enchant weapon
 p - a scroll of amnesia {unknown}
 r - a scroll of remove curse
Potions
 l - a potion of heal wounds {unknown}
 m - a potion of lignification {unknown}
Comestibles
 g - 3 rations


   Skills:
 + Level 2.1 Fighting
 * Level 2.2 Short Blades
 + Level 1.8 Throwing
 * Level 1.1 Dodging
 * Level 6.4 Stealth


You had 3 spell levels left.
You didn't know any spells.
Your spell library was empty.

Dungeon Overview and Level Annotations

Branches:
Dungeon (2/15)

Altars:
Makhleb
Vehumet


Innate Abilities, Weirdness & Mutations

You have extremely sharp teeth.
Your natural rate of healing is unusually fast.
When hurt, damage is shared between your health and your magic reserves.
Your bite disrupts and absorbs the magic of your enemies.
Potions cannot restore your health.
You are immune to rotting.


Message History

You kill the orc!
You hit the orc. You freeze the orc. Your bite misses the orc.
The orc is heavily wounded.
The orc priest calls upon Beogh to heal the orc.
The orc's wounds heal themselves!
The orc hits you with a cursed -3 falchion.
You hit the orc. You freeze the orc.
The orc is almost dead.
The orc priest mumbles some strange prayers to Beogh against you.
Beogh smites you!
* * * LOW HITPOINT WARNING * * *
You completely miss the orc.
The orc is almost dead.
The orc barely misses you.
You hit the orc. You freeze the orc.
You kill the orc!
You hit the orc priest but do no damage.
The orc priest calls down the wrath of Beogh upon you.
Pain shoots through your body!
You die...

### #.# ##.# ..#
########### #o#
#.......... #@#
#.######### #.#
#.......... #.#
#..#######. ######'###
#..#...# #. #......).#
#..#.#.# #.
#........####..#.#.# #.
#...............<#.# #.
################.#.###.
#
#>.........#...#.#.....


You could see an orc priest.

Vanquished Creatures
  An orc wizard (D:2)
  An adder (D:2)
  A leopard gecko (D:2)
  2 orcs (D:2)
  5 bats (D:1)
  3 giant cockroaches
  7 goblins (D:1)
  4 hobgoblins
  2 jackals (D:1)
  3 frilled lizards
  5 kobolds
  6 rats
40 creatures vanquished.

Notes
Turn   | Place    | Note
-------+----------+-------------------------------------------
     0 | D:1      | Foic the Vine Stalker Assassin began the quest for the Orb.
     0 | D:1      | Reached XP level 1. HP: 11/11 MP: 2/2
    77 | D:1      | Reached skill level 5 in Stealth
   166 | D:1      | Reached XP level 2. HP: 15/15 MP: 3/3
   469 | D:1      | Reached skill level 1 in Dodging
   783 | D:1      | Reached XP level 3. HP: 18/18 MP: 4/4
  1329 | D:2      | Found a burning altar of Makhleb.
  1329 | D:2      | Found a radiant altar of Vehumet.
  1338 | D:2      | Reached skill level 6 in Stealth
  1754 | D:2      | Gained mutation: Your natural rate of healing is unusually
                  | fast. [Vine Stalker growth]
  1754 | D:2      | Reached XP level 4. HP: 12/23 MP: 3/5
  1762 | D:2      | Killed from afar by an orc priest

Skill      XL: |  1  2  3 |
---------------+----------+-----
Stealth        | 5 6 |  6.4
Dodging        | 1 |  1.1
Short Blades   | 2 |  2.2
Fighting       | 2 |  2.1
Throwing       | |  1.8

Action                   |  1- 3 |  4- 6 || total
-------------------------+-------+-------++-------
Melee: Dagger            |    80 |     8 ||    88
       Bite              |    14 |     2 ||    16
  Use: Scroll            |     6 |       ||     6
 Stab: Sleeping          |    10 |       ||    10
  Eat: Chunk             |     3 |       ||     3
Armor: Robe              |    18 |       ||    18
Dodge: Dodged            |    35 |     2 ||    37
